 Dungeon Crawl Stone Soup version 0.31.0-11-ge490571c62 (webtiles) character file.

Game seed: 2505415258236715607

2069 solopath the Grappler (level 9, -6/71 HPs)
             Began as a Demonspawn Shapeshifter on Feb 2, 2024.
             Mangled by a troll (7 damage)
             ... on level 8 of the Dungeon.
             The game lasted 00:09:57 (8420 turns).

solopath the Grappler (Demonspawn Shapeshifter)     Turns: 8420, Time: 00:09:57

Health: -6/71      AC:  2    Str: 17 (18) XL:     9   Next: 5%
Magic:  0/12       EV: 13    Int: 11      God:
Gold:   438        SH:  0    Dex: 12 (13) Spells: 12/12 levels left

rFire   . .          .
                       - Unarmed
rCold   . . .        (no shield)
rNeg    . . .        a - +1 animal skin
rPois   .            (helmet currently unavailable)
rElec   .            (cloak currently unavailable)
rCorr   .            (gloves currently unavailable)
SInv    .            (boots currently unavailable)
Will    .....        (no amulet)
Stlth   +            (no ring)
HPRegen 0.31/turn    (no ring)
MPRegen 0.26/turn

%: guardian spirit
@: beast-form
A: beast (slay +3), powered by pain 1, magic shield, magic regeneration,
deformed body, robust 1
a: Begin Untransformation


You were on level 8 of the Dungeon.
You were a hulking beast.
You visited 2 branches of the dungeon, and saw 9 of its levels.

You collected 438 gold pieces.

Inventory:

Armour
 a - a +1 animal skin (worn)
 E - +0 steam dragon scales
Jewellery
 i - a +6 ring of intelligence
 k - a ring of wizardry
 o - a ring of wizardry
 z - a ring of fire
Talismans
 d - a flux talisman
 e - a beast talisman
 q - a dragon-blood talisman
Wands
 c - a wand of polymorph (8)
 g - a wand of light (3)
 l - a wand of roots (8)
 u - a wand of mindburst (6)
Scrolls
 f - 2 scrolls of enchant armour
 j - a scroll of torment {unknown}
 m - a scroll of revelation
 w - 2 scrolls of poison
 x - 2 scrolls of fog
 A - 2 scrolls of identify
 D - a scroll of blinking
Potions
 b - a potion of lignification
 h - a potion of curing
 n - a potion of brilliance
 p - 2 potions of degeneration
 s - a potion of magic
 F - a potion of mutation


   Skills:
 - Level 4.2 Fighting
 + Level 3.9 Dodging
 * Level 8.0 Unarmed Combat
 - Level 2.2 Spellcasting
 + Level 5.4 Shapeshifting


You had 12 spell levels left.
You didn't know any spells.
Your spell library contained the following spells:

 Spells                   Type           Power      Damage    Failure   Level
 Shock                    Conj/Air       4%         1d3       28%         1
 Swiftness                Air            1%         N/A       65%         3
 Airstrike                Air            0%         2d(1-17)  96%         4


Dungeon Overview and Level Annotations

Branches:
Dungeon (8/15)             Temple (1/1) D:6
   Lair: D:8-11

Altars:
Ashenzari
Cheibriados
Dithmenos
Fedhas
Gozag
Kikubaaqudgha
Makhleb
Nemelex Xobeh
Okawaru
Qazlal
Ru
Sif Muna
Trog
Uskayaw
Vehumet
Wu Jian
Yredelemnul
Lugonu

Shops:
D:6 (

Annotations:
D:4 3 runed translucent doors, AutarchDCSS's ghost, novice SpSu; Minsecho's ghost, amateur SpMo; Vila42's ghost, amateur GrMo
D:8 1 transporter


Innate Abilities, Weirdness & Mutations

You are a hulking beast.
Your limbs bulge with bestial killing power. (Slay +3)
You sometimes gain a little power by taking damage.
When hurt, damage is shared between your health and your magic reserves.
You regenerate magic rapidly.
Armour fits poorly on your strangely shaped body.
You are robust. (+10% HP)


Message History

You throw a poisoned dart. The poisoned dart hits the troll.
Unknown command.
Throw: dart (poison)
Press: ? - help, Q - select action, (/) - cycle Shift-Dir - straight line, f/p - troll
Aim: a troll (60% to hit)
You throw a poisoned dart.
The poisoned dart barely misses the troll.
Aiming: Mindburst
Press: ? - help, Shift-Dir - straight line, f/p - troll
Aim: a troll (chance to affect: 64%)
The troll struggles to resist.
Aiming: Mindburst
Press: ? - help, Shift-Dir - straight line, f/p - troll
Aim: a troll (chance to affect: 64%)
The troll's mind is blasted!
Unknown command.
You punch the troll!
The troll is heavily wounded.
The troll bites you! The troll claws you! The troll misses you.
You closely miss the troll.
The troll is heavily wounded.
You barely miss the troll.
The troll is heavily wounded.
The troll bites you! The troll claws you! x2
You punch the troll!
The troll is severely wounded.
The troll bites you! The troll claws you. The troll barely misses you.
You closely miss the troll.
The troll is severely wounded.
The troll bites you!!
* * * LOW HITPOINT WARNING * * *
You focus on the pain.
You feel your power returning. The troll misses you. x2
You hit the troll.
The troll is almost dead.
The troll barely misses you. x2; The troll claws you!
* * * LOW HITPOINT WARNING * * *
You feel better. The troll bites you!
* * * LOW HITPOINT WARNING * * *
The troll claws you!
You die...

#.####.#.####...###
#.....###.....###
#.####...###..# #.#
##...###..# ## #.#
#.........# ##. #.#
##...###.## ##.# #.#
##.## #.# #.##
#.##########.#######.#
#....hT...(.(.........
######################


You could see a troll.

Vanquished Creatures
  Maurice (D:7)
  Sigmund (D:3)
  A steam dragon (D:7)
  Menkaure (D:7)
  2 ice beasts (D:7)
  A sky beast (D:6)
  A phantom (D:4)
  2 bullfrogs
  3 scorpions
  4 wights (D:7)
  2 howler monkeys (D:6)
  An orc priest (D:5)
  A jelly (D:4)
  A gnoll bouda (D:7)
  2 iguanas
  2 orc wizards (D:4)
  4 gnolls
  8 adders
  2 ufetubi (D:5)
  A ribbon worm (D:3)
  11 orcs
  13 ball pythons
  7 endoplasms
  2 giant cockroaches (D:3)
  4 goblins
  6 hobgoblins
  5 jackals
  12 kobolds
  3 quokkas
  6 bats
  2 frilled lizards
  4 rats
116 creatures vanquished.

Notes
Turn   | Place    | Note
-------+----------+-------------------------------------------
     0 | D:1      | solopath the Demonspawn Shapeshifter began the quest for
                  | the Orb.
     0 | D:1      | Reached XP level 1. HP: 15/15 MP: 1/1
     0 | D:1      | Found a faded altar of an unknown god.
   221 | D:1      | Reached skill level 3 in Unarmed Combat
   225 | D:1      | Gained mutation: You regenerate magic rapidly. [demonic
                  | ancestry]
   225 | D:1      | Reached XP level 2. HP: 21/21 MP: 2/2
   967 | D:2      | You fall into a shaft and drop 2 floors!
   968 | D:4      | Noticed a scorpion
   995 | D:4      | Reached XP level 3. HP: 3/27 MP: 3/3
  1723 | D:2      | Reached XP level 4. HP: 29/33 MP: 4/4
  2094 | D:3      | Noticed Sigmund
  2105 | D:3      | Killed Sigmund
  2106 | D:3      | Reached skill level 4 in Unarmed Combat
  2106 | D:3      | Gained mutation: When hurt, damage is shared between your
                  | health and your magic reserves. [demonic ancestry]
  2106 | D:3      | Reached XP level 5. HP: 31/41 MP: 5/5
  2263 | D:3      | Reached XP level 6. HP: 37/47 MP: 6/6
  2852 | D:3      | Gained mutation: Armour fits poorly on your strangely
                  | shaped body. [potion of mutation]
  2852 | D:3      | Gained mutation: You are robust. (+10% HP) [potion of
                  | mutation]
  3138 | D:4      | Found a runed translucent gate.
  3138 | D:4      | Found a runed translucent gate.
  3139 | D:4      | Found a runed translucent gate.
  3313 | D:4      | Reached skill level 5 in Unarmed Combat
  3453 | D:4      | Reached skill level 1 in Spellcasting
  3584 | D:4      | Noticed Vila42's ghost (amateur GrMo)
  3584 | D:4      | Noticed AutarchDCSS's ghost (novice SpSu)
  3587 | D:4      | Noticed Minsecho's ghost (amateur SpMo)
  3636 | D:4      | Reached XP level 7. HP: 28/58 MP: 4/9
  4084 | D:5      | Entered Level 5 of the Dungeon
  5376 | D:6      | Found a staircase to the Ecumenical Temple.
  5385 | Temple   | Entered the Ecumenical Temple
  5413 | D:6      | Found Joikul's Weapon Shop.
  5619 | D:6      | Reached skill level 6 in Unarmed Combat
  5848 | D:6      | Found a stormy altar of Qazlal.
  6425 | D:7      | Reached XP level 8. HP: 48/66 MP: 8/11
  6927 | D:7      | Noticed Maurice
  6938 | D:7      | Maurice stole a ring of fire
  6948 | D:7      | Maurice stole a beast talisman
  6950 | D:7      | Maurice stole 380 gold
  6965 | D:7      | Killed Maurice
  6966 | D:7      | Reached skill level 7 in Unarmed Combat
  6966 | D:7      | Reached skill level 5 in Shapeshifting
  7938 | D:7      | Noticed Menkaure
  7950 | D:7      | Killed Menkaure
  7951 | D:7      | Gained mutation: You sometimes gain a little power by
                  | taking damage. [demonic ancestry]
  7951 | D:7      | Reached XP level 9. HP: 51/70 MP: 10/12
  8123 | D:7      | Identified the +1 leather armour "Cithrahu" {-Tele rElec
                  | rC+ rN+}
  8362 | D:8      | Found a transporter.
  8362 | D:8      | Found a corrupted altar of Lugonu.
  8362 | D:8      | Noticed a white ugly thing
  8363 | D:8      | Noticed a purple ugly thing
  8364 | D:8      | Noticed a purple ugly thing
  8364 | D:8      | Noticed a green ugly thing
  8389 | D:8      | Noticed a troll
  8391 | D:8      | Reached skill level 8 in Unarmed Combat
  8419 | D:8      | HP: 2/71 [troll (5)]
  8420 | D:8      | Mangled by a troll

Illustrated notes

Levels and vault maps discovered:
D:1:      scummos_arrival_forest, layout_basic, basic_ecumenical_altar,
          minmay_tetromino_s4
D:2:      layout_loops_cross, minmay_snake_closets
D:3:      layout_loops_ring, uniq_sigmund
D:4:      minmay_diamond_boxcup, layout_loops_ring, gammafunk_ghost_cemetery
D:5:      layout_loops_corners, lightli_corner_chamber
D:6:      layout_loops_corners, nicolae_qazlal_eye_of_the_storm,
          minmay_temple_entry_ruins, serial_shops, shop, minmay_pentangle
D:7:      layout_basic, nicolae_letterblocks [nicolae_letter_subblock,
          nicolae_letter_subblock, nicolae_letter_subblock,
          nicolae_letter_subblock, nicolae_letter_subblock,
          nicolae_letter_subblock, nicolae_letter_subblock,
          nicolae_letter_subblock, nicolae_letter_subblock,
          nicolae_letter_subblock, nicolae_letter_subblock,
          nicolae_letter_subblock, nicolae_letter_subblock,
          nicolae_letter_subblock, nicolae_letter_subblock,
          nicolae_letter_subblock, nicolae_letter_subblock,
          nicolae_letter_subblock, nicolae_letter_subblock,
          nicolae_letter_subblock, nicolae_letter_subblock,
          nicolae_letter_subblock, nicolae_letter_subblock,
          nicolae_letter_subblock, nicolae_letter_subblock], uniq_menkaure,
          uniq_maurice
D:8:      gammafunk_corrupted_shrine, layout_loops_ring, kennysheep_little_box,
          nicolae_shop_firing_range, uniq_erica
Temple:   nicolae_temple_bog_church

Skill      XL: |  1  2  3  4  5  6  7  8  9 |
---------------+----------------------------+-----
Unarmed Combat | 3 4 5 6 7 8 |  8.0
Shapeshifting  | 3 4 5 |  5.4
Fighting       | 2 3 4 |  4.2
Spellcasting   | 1 2 |  2.2
Dodging        | 2 3 |  3.9

Action                     |  1- 3 |  4- 6 |  7- 9 || total
---------------------------+-------+-------+-------++-------
  Melee: Unarmed           |   112 |   138 |   203 ||   453
         Punch             |     3 |     5 |     4 ||    12
  Throw: Dart              |       |       |     7 ||     7
  Evoke: Wand              |       |       |     7 ||     7
    Use: Potion            |       |     3 |    14 ||    17
         Scroll            |       |     8 |     3 ||    11
   Stab: Sleeping          |     2 |     2 |       ||     4
         Invisible         |       |       |     5 ||     5
 Armour: Animal skin       |    45 |    80 |   118 ||   243
         Skin              |       |       |     7 ||     7
  Dodge: Dodged            |    69 |    65 |   120 ||   254
